AoeStats
← LinX

Arabia

509910410Analyzed
1v1 RM · 3d ago on Sep 28, 2026· 48m 43s· 2 players
Game mode
Random Map
Map size
Tiny (2 player)
Population
200
Speed
Normal
Resources
Standard
Victory
Conquest
Starting age
Dark Age
Ending age
Imperial Age
RankedLock teamsTeams togetherTeam positionsShared explorationLock speedFull tech treeHidden civsTurbo modeCheats
Victory
Defeat
🇩🇪 Persians · Germany
1433
+14
🇨🇦 Magyars · Canada
1400
-14
LinX
6:46 Loom
9:07 Feudal Age
9:12 Man-at-Arms
10:09 Double-Bit Axe
17:32 Fletching
18:21 Padded Archer Armor
18:47 Town Watch
19:46 Horse Collar
24:26 Castle Age
22:44 Gold Mining
25:16 Thumb Ring
25:16 Bodkin Arrow
26:49 Gold Shaft Mining
28:01 Ballistics
28:03 Bow Saw
32:32 Husbandry
32:43 Bloodlines
33:38 Leather Archer Armor
34:54 Wheelbarrow
38:55 Hand Cart
41:51 Imperial Age
40:56 Stone Mining
42:36 Bracer
43:39 Chemistry
44:03 Scale Barding Armor
45:04 Parthian Tactics
45:36 Chain Barding Armor
45:53 Light Cavalry
47:16 Ring Archer Armor
47:50 Cavalier
48:15 Long Swordsman
48:18 Pikeman
Volmer
8:35 Feudal Age
12:40 Loom
13:28 Fletching
13:39 Double-Bit Axe
15:56 Padded Archer Armor
22:12 Castle Age
21:09 Gold Mining
21:53 Scale Barding Armor
22:37 Forging
22:02 Crossbowman
22:44 Bodkin Arrow
23:30 Bow Saw
26:07 Wheelbarrow
26:17 Town Watch
26:44 Horse Collar
27:36 Husbandry
28:36 Bloodlines
28:47 Heavy Plow
30:33 Gold Shaft Mining
31:10 Ballistics
33:00 Hand Cart
36:42 Imperial Age
35:13 Leather Archer Armor
34:38 Elite Skirmisher
36:28 Chain Barding Armor
36:48 Thumb Ring
38:38 Ring Archer Armor
37:39 Cavalier
39:04 Conscription
38:42 Heavy Camel Rider
41:22 Two-Man Saw
42:02 Chemistry
43:38 Plate Barding Armor
46:28 Forging
Connection lost

Rejoining the realm…

Still unreachable

The connection could not be restored.

Session expired

The server has moved on; the page needs a fresh start.